[Event "Carnaval"]
[Site "Quebec CAN"]
[Date "2014.01.25"]
[Round "2"]
[White "Chabot, Roland"]
[Black "Bolduc, Steve"]
[Result "1-0"]
[ECO "E73"]
[WhiteElo "2173"]
[BlackElo "2174"]
[PlyCount "102"]
[EventDate "2014.01.24"]
[EventType "swiss"]
[EventRounds "5"]
[EventCountry "CAN"]
[TimeControl "900+10"]

1. d4 Nf6 2. c4 g6 3. Nc3 Bg7 4. e4 d6 5. Be2 O-O 6. Bg5 h6 7. Be3 e5 8. d5 c6
9. Qd2 cxd5 10. cxd5 Kh7 11. h4 Na6 12. h5 g5 13. f3 g4 14. Bd3 Ng8 15. Nge2
Ne7 16. O-O-O Nc5 17. Bxc5 dxc5 18. Rdf1 a6 19. fxg4 Bxg4 20. Ng3 Ng8 21. Be2
Bc8 22. Kb1 Bf6 23. Qe3 b6 24. Nd1 Bg5 25. Qf3 b5 26. Ne3 Nf6 27. Ngf5 Ra7 28.
Rd1 c4 29. Rhf1 Rc7 30. d6 Rd7 31. Nd5 Bb7 32. Nxf6+ Qxf6 33. g3 Rc8 34. Rc1
Bxc1 35. Rxc1 Rg8 36. g4 Rg5 37. Rd1 Rxf5 38. Qxf5+ Qxf5 39. exf5 Kg7 40. Kc2
Kf6 41. Kc3 e4 42. Kb4 Ke5 43. Kc5 Kf4 44. a4 bxa4 45. Bxc4 Kxg4 46. Be6 Rd8
47. d7 e3 48. Kd6 fxe6 49. fxe6 Bc8 50. Kc7 Bxd7 51. exd7 e2 1-0

[Event "Carnaval"]
[Site "Quebec CAN"]
[Date "2014.01.25"]
[Round "3"]
[White "Hamilton, Robert"]
[Black "Hebert, Jean"]
[Result "0-1"]
[ECO "E15"]
[WhiteElo "2261"]
[BlackElo "2430"]
[PlyCount "78"]
[EventDate "2014.01.24"]
[EventType "swiss"]
[EventRounds "5"]
[EventCountry "CAN"]
[TimeControl "900+10"]

1. d4 Nf6 2. c4 e6 3. Nf3 b6 4. g3 Ba6 5. Nbd2 c5 6. Bg2 Bb7 7. O-O cxd4 8. Nb3
Qc7 9. Nbxd4 a6 10. b3 Be7 11. Bb2 d6 12. Rc1 Nbd7 13. Nd2 Bxg2 14. Kxg2 Qb7+
15. Kg1 Rc8 16. Re1 h5 17. N4f3 O-O 18. e4 e5 19. Qe2 Nc5 20. Ba3 Ne6 21. Nb1
b5 22. cxb5 Rxc1 23. Rxc1 axb5 24. Bb4 Nxe4 25. Nxe5 Nd4 26. Qd3 dxe5 27. Bxe7
Re8 28. f3 Ng5 29. Bxg5 Nxf3+ 30. Kf2 Nxg5 31. Qf5 Qa7+ 32. Kf1 Ne6 33. Qxe5
Qxa2 34. Qxb5 Rd8 35. Qxh5 Qxb3 36. Qe2 Nd4 37. Qf2 Qd3+ 38. Kg2 Qe4+ 39. Kh3
Ne6 0-1

[Event "Carnaval"]
[Site "Quebec CAN"]
[Date "2014.01.26"]
[Round "4"]
[White "Chabot, Roland"]
[Black "Sambuev, Bator"]
[Result "0-1"]
[ECO "D34"]
[WhiteElo "2173"]
[BlackElo "2590"]
[PlyCount "60"]
[EventDate "2014.01.24"]
[EventType "swiss"]
[EventRounds "5"]
[EventCountry "CAN"]
[TimeControl "900+10"]

1. d4 d5 2. c4 e6 3. Nc3 c5 4. cxd5 exd5 5. Nf3 Nc6 6. g3 Nf6 7. Bg2 Be7 8. O-O
O-O 9. b3 b6 10. Bb2 Ba6 11. Rc1 Rc8 12. dxc5 d4 13. Nb1 bxc5 14. Bh3 Rc7 15.
Bf5 Qd5 16. Bd3 Bb7 17. Bc4 Qh5 18. Nbd2 Ng4 19. Re1 Bg5 20. h4 Bh6 21. Ra1
Nce5 22. Nf1 Nxc4 23. bxc4 f5 24. Bc1 f4 25. Rb1 Be4 26. Rb5 d3 27. Bxf4 Rcf7
28. exd3 Ba8 29. Ne5 Rxf4 30. gxf4 Qxh4 0-1

[Event "November Quad A"]
[Site "Winnipeg CAN"]
[Date "2014.11.23"]
[Round "1"]
[White "Jenkins, Mark"]
[Black "Green, Jim"]
[Result "0-1"]
[ECO "D10"]
[WhiteElo "1466"]
[BlackElo "1881"]
[PlyCount "88"]
[EventDate "2014.11.07"]
[EventType "tourn"]
[EventRounds "3"]
[EventCountry "CAN"]
[TimeControl "3000+10"]

1. d4 d5 2. c4 c6 3. Bf4 Nf6 4. e3 a6 5. a4 g6 6. Nc3 Bg7 7. Nf3 O-O 8. Be2 Re8
9. Ne5 Nbd7 10. O-O Ne4 11. cxd5 Nxc3 12. bxc3 Nxe5 13. Bxe5 Bxe5 14. dxe5 Qxd5
15. Qxd5 cxd5 16. Rfd1 e6 17. Rab1 Bd7 18. a5 Bc6 19. f4 Red8 20. Bf3 Rab8 21.
Kf2 Rdc8 22. Rb4 Bb5 23. Rc1 b6 24. Rb2 bxa5 25. Be2 Bc4 26. Rxb8 Rxb8 27. Bxc4
dxc4 28. Ra1 Rb2+ 29. Kf3 Rc2 30. Ra3 Kf8 31. Ke4 Rxg2 32. Rxa5 Rxh2 33. Kd4 h5
34. Kxc4 h4 35. Kd4 Rd2+ 36. Ke4 h3 37. Ra1 h2 38. Kf3 Rc2 39. Rh1 a5 40. Kg3
a4 41. Rxh2 Rxh2 42. Kxh2 a3 43. c4 a2 44. c5 a1=Q 0-1

[Event "November Quad A"]
[Site "Winnipeg CAN"]
[Date "2014.11.23"]
[Round "2"]
[White "Evans, Jason"]
[Black "Jenkins, Mark"]
[Result "1-0"]
[ECO "B23"]
[WhiteElo "1490"]
[BlackElo "1466"]
[PlyCount "47"]
[EventDate "2014.11.07"]
[EventType "tourn"]
[EventRounds "3"]
[EventCountry "CAN"]
[TimeControl "3000+10"]

1. e4 c5 2. Nc3 Nc6 3. f4 e5 4. fxe5 Nxe5 5. Bb5 a6 6. Be2 b5 7. d4 b4 8. Nd5
Qh4+ 9. g3 Qxe4 10. Nc7+ Kd8 11. dxe5 Qxh1 12. Be3 Kxc7 13. Qd2 Qxh2 14. O-O-O
Qxg3 15. Bf4 Qh4 16. e6+ Kd8 17. Bg5+ Qxg5 18. Qxg5+ f6 19. Qg2 Ra7 20. Bg4 Bb7
21. Rxd7+ Ke8 22. Rxb7 Rxb7 23. Qxb7 Bd6 24. Qd7+ 1-0

[Event "November Quad A"]
[Site "Winnipeg CAN"]
[Date "2014.11.23"]
[Round "3"]
[White "Jenkins, Mark"]
[Black "Trueman, Francis"]
[Result "0-1"]
[ECO "E90"]
[WhiteElo "1466"]
[BlackElo "1469"]
[PlyCount "70"]
[EventDate "2014.11.07"]
[EventType "tourn"]
[EventRounds "3"]
[EventCountry "CAN"]
[TimeControl "3000+10"]

1. d4 Nf6 2. c4 d6 3. Nf3 g6 4. Nc3 Bg7 5. e4 O-O 6. Be3 c6 7. Qd2 Qc7 8. Bh6
e5 9. Bxg7 Kxg7 10. d5 Nbd7 11. h3 a5 12. g4 Nc5 13. Bd3 Bd7 14. g5 Nh5 15. Be2
Nf4 16. Rh2 Nxh3 17. Bf1 Nf4 18. O-O-O Qb6 19. Ng1 a4 20. Nge2 Nfd3+ 21. Kb1 a3
22. b3 Nxb3 23. Kc2 Nxd2 24. Kxd3 Nf3 25. Rg2 Nd4 26. Ke3 f5 27. gxf6+ Rxf6 28.
Nxd4 exd4+ 29. Rxd4 cxd5 30. Nxd5 Rf3+ 31. Kxf3 Qxd4 32. c5 dxc5 33. Nb6 Rf8+
34. Kg3 Qe5+ 35. f4 Qxf4# 0-1